 Dungeon Crawl Stone Soup version 0.32-a0-7-ge934b4519a (webtiles) character file.

Game seed: 2140224644433661587

313766 keekatzer the Wrestler (level 22, -4/185 HPs)
             Began as a Kobold Berserker on Jan 13, 2024.
             Was a High Priest of Trog.
             Killed from afar by a frost giant (35 damage)
             ... with a bolt of cold
             ... on level 4 of the Depths.
             The game lasted 05:19:51 (35111 turns).

keekatzer the Wrestler (Kobold Berserker)          Turns: 35111, Time: 05:19:51

Health: -4/185     AC: 32    Str: 28    XL:     22   Next: 28%
Magic:  22/22      EV: 29    Int:  8    God:    Trog [*****.]
Gold:   2382       SH: 14    Dex: 20    Spells: 21/21 levels left

rFire   . .          .
                       - Unarmed
rCold   . . .        Q - +0 kite shield {reflect}
rNeg    + + +        (body armour currently unavailable)
rPois   ∞            W - +1 helmet {Int+3}
rElec   +            q - +2 ratskin cloak {*Rats rPois rN+ Str-1 Int-1 Dex+1}
rCorr   +            (gloves currently unavailable)
SInv    .            (boots currently unavailable)
Will    ++...        h - amulet of Hahexot {Acrobat rCorr Int-4 Dex+4 Stlth+}
Stlth   ++++++++     T - ring of the Morning {rN+ Will+ Slay+6 Stlth+}
HPRegen 0.50/turn    J - +6 ring of strength
MPRegen 0.18/turn

%: reflection, acrobat
@: statue-form, on berserk cooldown, slowed, studying Polearms, very slow
A: slow and powerful, torment resistance 1, boosted hp, small, no large weapons,
nightstalker 3
}: 2/15 runes: decaying, gossamer
a: Begin Untransformation, Renounce Religion, Berserk, Trog's Hand, Brothers in
Arms


You were on level 4 of the Depths.
You worshipped Trog.
Trog was extremely pleased with you.
You were a living statue of rough stone.
You visited 8 branches of the dungeon, and saw 38 of its levels.
You also visited: Trove, Sewer and Gauntlet.

You collected 3900 gold pieces.
You spent 1518 gold pieces at shops.

Inventory:

Armour
 a - the +2 faerie dragon scales {rElec rN+ rCorr}
   (You took it off the Enchantress on level 3 of the Depths)

   rElec:     It insulates you from electricity.
   rN+:       It protects you from negative energy.
   rCorr:     It protects you from acid and corrosion.
 q - the +2 ratskin cloak (worn) {*Rats rPois rN+ Str-1 Int-1 Dex+1}
   (You found it on level 6 of the Dungeon)

   *Rats:     When the wearer is hurt, rats may emerge from it to assist them.
   Str-1:     It affects your strength (-1).
   Int-1:     It affects your intelligence (-1).
   Dex+1:     It affects your dexterity (+1).
   rPois:     It protects you from poison rN+: It protects you from negative
   energy.
 Q - a +0 kite shield of reflection (worn)
 W - a +1 helmet of intelligence (worn)
Jewellery
 h - the amulet of Hahexot (around neck) {Acrobat rCorr Int-4 Dex+4 Stlth+}
   (You found it in a Gauntlet)

   [amulet of the acrobat]

   Acrobat:   It increases your evasion while moving and waiting.
   Int-4:     It affects your intelligence (-4).
   Dex+4:     It affects your dexterity (+4).
   rCorr:     It protects you from acid and corrosion.
   Stlth+:    It makes you more stealthy.
 J - a +6 ring of strength (right fist)
 O - the ring "Kumm" {Will+ Int+6 SInv}
   (You found it on level 3 of the Lair of Beasts)

   [ring of intelligence]

   Int+6:     It affects your intelligence (+6).
   Will+:     It increases your willpower.
   SInv:      It lets you see invisible.
 T - the ring of the Morning (left fist) {rN+ Will+ Slay+6 Stlth+}
   (You found it in a Gauntlet)

   [ring of willpower]

   Slay+6:    It affects your accuracy & damage with ranged weapons and melee
   (+6).
   rN+:       It protects you from negative energy.
   Will+:     It increases your willpower.
   Stlth+:    It makes you more stealthy.
 Z - the ring "Lyach" {Fly Will+++ AC+4 Str-4 Int-4}
   (You found it in a Gauntlet)

   [ring of protection]

   AC+4:      It affects your AC (+4).
   Str-4:     It affects your strength (-4).
   Int-4:     It affects your intelligence (-4).
   Will+++:   It greatly increases your willpower.
   Fly:       It grants you flight.
Talismans
 k - a dragon-blood talisman
 R - a granite talisman (active)
Wands
 z - a wand of digging (8)
 C - a wand of mindburst (50)
 D - a wand of quicksilver (33)
 G - a wand of polymorph (3)
 L - a wand of charming (37)
 U - a wand of roots (16)
Scrolls
 e - 12 scrolls of immolation
 g - 4 scrolls of fog
 j - 3 scrolls of revelation
 n - 15 scrolls of teleportation
 s - 2 scrolls of summoning
 u - 3 scrolls of poison
 y - 3 scrolls of fear
 B - 2 scrolls of blinking
 E - 6 scrolls of silence
 X - 4 scrolls of torment
Potions
 b - 14 potions of curing
 d - 3 potions of invisibility
 m - 9 potions of lignification
 o - 11 potions of heal wounds
 p - 8 potions of enlightenment
 r - a potion of attraction
 A - 6 potions of mutation
 K - a potion of resistance
 N - 6 potions of might
 P - 2 potions of cancellation
 V - 3 potions of haste
 Y - 7 potions of ambrosia
Miscellaneous
 t - a phantom mirror
 S - a lightning rod (4/4)


   Skills:
 + Level 16.3 Fighting
 - Level 1.5 Armour
 + Level 18.9 Dodging
 - Level 12.0 Stealth
 - Level 12.9 Shields
 * Level 21.4 Unarmed Combat
 - Level 10.0 Evocations
 - Level 16.0 Shapeshifting


You had 21 spell levels left.
You didn't know any spells.
Your spell library was empty.

Dungeon Overview and Level Annotations

Branches:
Dungeon (15/15)            Temple (1/1) D:4            Lair (5/5) D:9
  Swamp (4/4) Lair:3       Spider (4/4) Lair:2        Slime (0/5) Lair:5
    Orc (2/2) D:11            Elf (3/3) Orc:2        Vaults (0/5) D:13
 Depths (4/4) D:15          Sewer (visited)         Gauntlet (visited)
    Zot: Depths:4

Altars:
Ashenzari
Cheibriados
Dithmenos
Elyvilon
Fedhas
Gozag
Hepliaklqana
Kikubaaqudgha
Makhleb
Nemelex Xobeh
Okawaru
Qazlal
Ru
Sif Muna
Trog
Uskayaw
Vehumet
Wu Jian
Xom
Yredelemnul
Zin
The Shining One
Jiyva

Shops:
D:3 *   D:6 :   D:11 :   Orc:1 ?   Orc:2 ::*[[   Elf:1 :

Portals:
Hell: Depths:1 Depths:2 Depths:3
Abyss: Depths:2 Depths:3 Depths:4
Pandemonium: Depths:2 Depths:3 Depths:4
Ziggurat: Depths:2

Annotations:
Elf:2 3 runed translucent doors
Elf:3 Nikola
Depths:1 36 runed translucent doors
Depths:4 Parghit, Vv


Innate Abilities, Weirdness & Mutations

You are a living statue of rough stone.
Your actions are slow, but your melee attacks are powerful.
You are resistant to unholy torment.
Your maximum health is greatly increased.
Your equipment is partially melded.
You are small and have problems with some larger weapons.
You are immune to poison.
You are completely attuned to the shadows.


Message History

The hell knight mumbles some strange prayers to its god.
The hell knight blinks!
The red ugly thing basks in the mutagenic energy from its kin and changes!
The spriggan air mage hits you but does no damage.
The frost giant hits you with a +0 battleaxe of freezing!
The frost giant freezes you. You block the spriggan rider's attack.
The hell knight utters an invocation to its god.
The hell knight blinks!
The +2 spectral quarterstaff disappears.
The spriggan air mage waves its arms in wide circles.
The air twists around and strikes you. The juggernaut hits you!
* * * LOW HITPOINT WARNING * * *
The juggernaut hits you!
* * * LOW HITPOINT WARNING * * *
You block the spriggan rider's attack. The frost giant casts a spell at you.
The bolt of cold misses you.
Press: ? - help, v - describe, . - travel
Here: a juggernaut (soul bound)
The floor.
Unknown command.
Okay, then.
Press: ? - help, v - describe, . - travel
Here: a juggernaut (soul bound)
The floor.
Press: ? - help, v - describe, . - travel
Here: a spriggan air mage, wearing a +0 robe (soul bound, repelling missiles)
The floor.
Blink to where?
Press: ? - help, Dir - move target
As you read the scroll of blinking, it crumbles to dust.
The spriggan rider throws a stone.
The stone closely misses you.
The hell knight utters an invocation to its god.
The hell knight blinks!
The spriggan rider throws a stone.
The stone completely misses you.
The hell knight utters an invocation to its god.
The hell knight blinks!
The frost giant points at you and mumbles some strange words.
The bolt of cold hits you!!
You die...

##..##...
..§......
.....p..
§##......
....8i........
............~~
.........u..~~
.........u†...
......§iCC....
..........
i##.......
.§.......
p.....p..


You could see a frost giant (soul bound), a hell knight (fleeing), a spriggan
rider and a spriggan air mage (soul bound, repels missiles).

Vanquished Creatures
  Mara (Spider:3)
  A juggernaut (Depths:2)
  Norris (Elf:1)
  the Enchantress (Depths:3)
  Arachne (Spider:3)
  Jorgrun (D:15)
  Mlioglotl (Spider:4)
  Asterion (Spider:4)
  A walking frostbound tome (Depths:3)
  3 liches
  Gastronok (Lair:1)
  2 sphinxes
  A thorn hunter (Swamp:4)
  A shadow dragon (Depths:2)
  Agnes (Spider:1)
  Donald (Spider:4)
  2 fire giants
  Roxanne (Spider:1)
  A deep elf sorcerer (Depths:3)
  7 frost giants
  8 emperor scorpions
  A ghost moth (Spider:4)
  A balrug (Depths:4)
  A deep elf elementalist (Elf:1)
  The ghost of Bihodil the Severer, a journeyman DgDe (Spider:3)
  3 spriggan defenders (Depths:3)
  An ironbound preserver (D:13)
  14 very ugly things
  5 stone giants
  The ghost of Fiwishre the Thaumaturge, a journeyman DjFE of Cheibriados (D:13)
  A broodmother (Spider:2)
  2 vampire knights
  2 deep elf demonologists
  2 eleionomae
  5 deep elf annihilators
  A dire elephant (Lair:5)
  5 spark wasps
  Snorg (D:10)
  A blizzard demon (Depths:3)
  A minotaur (Gauntlet)
  2 bunyips
  2 jiangshi (Depths:1)
  The ghost of Nowup the Martial Artist, a journeyman GnSh of Wu Jian (Lair:2)
  5 fire dragons
  9 entropy weavers
  3 ettins
  A great orb of eyes (Lair:2)
  3 shambling mangroves
  A ghost crab (Swamp:3)
  2 spriggan air magi (Depths:3)
  3 rakshasas
  4 ogre magi
  6 alligators
  15 hydras
  4 ice dragons
  3 centaur warriors
  9 jorogumos
  Erica (D:8)
  3 radroaches
  5 two-headed ogres
  A catoblepas (Lair:5)
  7 deep troll shamans
  10 dancing weapons
  6 boulder beetles
  8 death yaks
  5 occultists
  5 deep troll earth magi
  2 tengu warriors (D:15)
  9 demonic crawlers
  3 orc high priests (Orc:2)
  3 vampire magi
  Urug (D:10)
  3 spriggan berserkers
  9 hell knights
  A soul eater (Gauntlet)
  A sun demon (Depths:2)
  7 deep elf knights
  Amaemon (D:8)
  7 iron trolls
  4 goliath frogs
  13 skeletal warriors
  A shadow demon (Depths:2)
  6 skysharks
  5 pharaoh ants
  A spriggan druid (Swamp:4)
  5 bog bodies
  12 swamp dragons
  10 orb spiders
  9 deep trolls
  7 deep elf archers
  3 glowing orange brains
  2 phantasmal warriors (Depths:4)
  22 deep elf pyromancers
  5 necromancers
  6 orc knights
  10 steelbarb worms
  17 wolf spiders
  8 cyclopes
  5 orc sorcerers
  8 ugly things
  A will-o-the-wisp (Swamp:1)
  5 manticores
  16 deep elf zephyrmancers
  A stone giant zombie (Depths:2)
  A manticore (shapeshifter) (Depths:3)
  9 meliai
  6 kobold blastminers
  31 elephants
  5 black mambas
  5 moths of wrath
  A black mamba (shapeshifter) (Elf:2)
  6 torpor snails
  4 gargoyles
  17 cane toads
  Maggie (D:7)
  2 unseen horrors
  An orange demon (D:8)
  A torpor snail (shapeshifter) (Depths:4)
  6 kobold demonologists
  5 rime drakes
  An efreet (D:13)
  Jeremiah (Lair:1)
  6 komodo dragons
  7 tengu conjurers
  3 trolls
  5 tyrant leeches
  18 hornets
  Grinder (D:6)
  2 polar bears
  34 tarantellas
  23 blink frogs
  21 jumping spiders
  5 centaur simulacra
  7 slime creatures
  5 air elementals
  16 culicivoras
  17 spriggans
  A shadow (D:9)
  A vampire (D:13)
  2 fire elementals (Elf:3)
  6 water elementals
  63 yaks
  5 wyverns
  A ynoxinul (Depths:2)
  4 wraiths
  36 redbacks
  A basilisk (Lair:5)
  3 wargs
  2 steam dragons (D:7)
  4 vampire mosquitoes
  A human zombie (Depths:2)
  20 swamp worms
  3 acid dragons
  14 water moccasins
  A meliai simulacrum (D:15)
  9 swamp drakes
  19 orc warriors
  A sky beast (D:7)
  2 ice beasts (D:6)
  3 black bears
  2 laughing skulls (D:14)
  An ice dragon simulacrum (Gauntlet)
  6 ogres
  16 wolves
  14 centaurs
  Blork the orc (D:4)
  3 phantoms
  2 kobold brigands
  9 bullfrogs
  A glowing shapeshifter simulacrum (Depths:2)
  3 gnoll sergeants
  3 scorpions (D:5)
  5 earth elementals
  10 jellies
  A wight (D:6)
  6 killer bees
  4 howler monkeys
  2 electric eels
  2 bombardier beetles
  7 hounds
  16 orc priests
  Crazy Yiuf (D:4)
  5 iguanas
  24 orc wizards
  7 hell rats (D:6)
  Robin (D:2)
  11 gnolls
  4 adders
  21 river rats
  3 shadow imps
  A white imp (D:6)
  3 ribbon worms
  A dart slug (D:1)
  68 orcs
  6 ball pythons
  5 bats
  4 endoplasms
  6 giant cockroaches
  12 goblins
  11 hobgoblins
  7 jackals
  3 quokkas
  A frilled lizard (D:1)
  10 kobolds
  15 rats
  A spectral orc (D:9)
  A butterfly (Lair:3)
1261 creatures vanquished.

Vanquished Creatures (collateral kills)
  A tentacled monstrosity (Depths:3)
  An entropy weaver (Spider:4)
  A boulder beetle (Spider:4)
  A demonic crawler (Spider:4)
  2 death yaks (Lair:4)
  3 hell knights
  A pharaoh ant (Spider:4)
  A steelbarb worm (Spider:4)
  2 ugly things (Depths:1)
  2 wolf spiders
  A meliai (Spider:4)
  A torpor snail (Spider:4)
  A culicivora (Spider:4)
  2 redbacks (Spider:4)
  A killer bee (D:9)
21 creatures vanquished.

Vanquished Creatures (others)
  An occultist (D:12)
  A deep elf knight (Elf:3)
  A deep elf zephyrmancer (Depths:3)
  An ugly thing (Depths:1)
  A jumping spider (Spider:1)
  A centaur (D:14)
  2 foxfires (Swamp:1)
8 creatures vanquished.

Grand Total: 1290 creatures vanquished

Notes
Turn   | Place    | Note
-------+----------+-------------------------------------------
     0 | D:1      | keekatzer the Kobold Berserker began the quest for the Orb.
     0 | D:1      | Reached XP level 1. HP: 14/14 MP: 1/1
   276 | D:1      | Reached XP level 2. HP: 15/19 MP: 2/2
   684 | D:1      | Reached XP level 3. HP: 17/24 MP: 3/3
  1078 | D:2      | Reached skill level 4 in Unarmed Combat
  1115 | D:2      | Reached XP level 4. HP: 29/29 MP: 4/4
  1127 | D:2      | Reached ** piety under Trog
  1154 | D:2      | Noticed Robin
  1165 | D:2      | Killed Robin
  1740 | D:2      | Found a faded altar of an unknown god.
  2109 | D:3      | Found a glowing drain.
  2150 | Sewer    | Entered a sewer
  2170 | Sewer    | Reached XP level 5. HP: 23/33 MP: 5/5
  2261 | Sewer    | Noticed a kobold brigand
  2284 | Sewer    | Killed a kobold brigand
  2285 | Sewer    | Reached skill level 5 in Unarmed Combat
  2292 | Sewer    | Found a white marble altar of Elyvilon.
  2531 | D:3      | Found Zin's Purification Station.
  2533 | D:3      | Found a glowing silver altar of Zin.
  2607 | D:3      | Reached XP level 6. HP: 38/38 MP: 6/6
  3042 | D:4      | Noticed Blork the orc
  3048 | D:4      | Killed Blork the orc
  3049 | D:4      | Reached skill level 6 in Unarmed Combat
  3262 | D:4      | Found a staircase to the Ecumenical Temple.
  3274 | Temple   | Entered the Ecumenical Temple
  3293 | D:4      | Found a runed translucent door.
  3296 | D:4      | Noticed Crazy Yiuf
  3303 | D:4      | Killed Crazy Yiuf
  3393 | D:4      | Reached XP level 7. HP: 43/43 MP: 7/7
  3393 | D:4      | Reached *** piety under Trog
  3396 | D:4      | Reached skill level 7 in Unarmed Combat
  3794 | D:5      | Entered Level 5 of the Dungeon
  4112 | D:5      | Reached skill level 8 in Unarmed Combat
  4158 | D:5      | Reached XP level 8. HP: 44/48 MP: 8/8
  4253 | D:5      | Reached skill level 5 in Fighting
  4345 | D:5      | You fall into a shaft and drop 1 floor!
  4418 | D:6      | Reached skill level 9 in Unarmed Combat
  4679 | D:5      | Reached XP level 9. HP: 37/56 MP: 9/9
  4767 | D:5      | Reached skill level 10 in Unarmed Combat
  4916 | D:5      | Found a sparkling altar of Nemelex Xobeh.
  5238 | D:6      | Found a sacrificial altar of Ru.
  5553 | D:6      | Reached skill level 11 in Unarmed Combat
  5617 | D:6      | Found an iron altar of Okawaru.
  5726 | D:6      | Reached **** piety under Trog
  5857 | D:6      | Found the +2 ratskin cloak {*Rats rPois rN+ Str-1 Int-1
                  | Dex+1}
  6021 | D:6      | Noticed Grinder
  6026 | D:6      | Killed Grinder
  6027 | D:6      | Reached XP level 10. HP: 64/64 MP: 10/10
  6061 | D:6      | Found Xevawuam's Self-Published Books.
  6181 | D:7      | Reached skill level 12 in Unarmed Combat
  6296 | D:7      | Found an ornate altar of the Wu Jian Council.
  6322 | D:7      | Found an ancient bone altar of Kikubaaqudgha.
  6352 | D:7      | Noticed Maggie
  6353 | D:7      | Reached skill level 1 in Shapeshifting
  6471 | D:8      | Found a radiant altar of Vehumet.
  6590 | D:8      | Found a burning altar of Makhleb.
  6590 | D:8      | Noticed a two-headed ogre
  6600 | D:8      | Killed a two-headed ogre
  6760 | D:8      | Noticed an orange demon
  6760 | D:8      | Noticed Amaemon
  6774 | D:8      | Killed Amaemon
  6775 | D:8      | Reached skill level 5 in Shapeshifting
  6781 | D:8      | Killed an orange demon
  6841 | D:8      | Found a shimmering blue altar of Sif Muna.
  6987 | D:8      | Noticed Erica
  6996 | D:8      | Killed Erica
  6997 | D:8      | Reached XP level 11. HP: 60/69 MP: 6/11
  7323 | D:8      | Found an opulent altar of Gozag.
  7892 | D:7      | Killed Maggie
  8224 | D:10     | Entered Level 10 of the Dungeon
  8380 | D:9      | Found a basalt altar of Yredelemnul.
  8477 | D:9      | Found a hazy altar of Hepliaklqana.
  8660 | D:9      | Found a staircase to the Lair.
  8876 | D:9      | Found a stormy altar of Qazlal.
  8980 | D:9      | Reached skill level 10 in Shapeshifting
  9017 | Lair:1   | Entered Level 1 of the Lair of Beasts
  9017 | Lair:1   | Noticed Jeremiah
  9028 | Lair:1   | Killed Jeremiah
  9349 | Lair:2   | Reached skill level 5 in Dodging
  9351 | Lair:2   | Reached XP level 12. HP: 76/76 MP: 10/12
  9564 | Lair:1   | Noticed Gastronok
  9571 | Lair:1   | Reached skill level 10 in Fighting
  9585 | Lair:1   | Killed Gastronok
  9997 | Lair:1   | Reached ***** piety under Trog
 10212 | Lair:2   | Found a runed translucent gate.
 10212 | Lair:2   | Found a runed translucent gate.
 10213 | Lair:2   | Found a runed translucent gate.
 10213 | Lair:2   | Noticed Nowup's ghost (journeyman GnSh)
 10294 | Lair:2   | Reached XP level 13. HP: 62/82 MP: 8/13
 10884 | Lair:2   | Found a hole to the Spider Nest.
 11314 | Lair:3   | Identified the ring "Kumm" {Will+ Int+6 SInv}
 11615 | Lair:3   | Noticed an alligator
 11623 | Lair:3   | Killed an alligator
 11818 | Lair:3   | Found a staircase to the Swamp.
 11943 | Lair:4   | Found a gate leading to a gauntlet.
 11969 | Lair:4   | Reached skill level 15 in Shapeshifting
 11979 | Lair:4   | Reached XP level 14. HP: 45/88 MP: 5/14
 12243 | Gauntlet | Entered a Gauntlet
 12243 | Gauntlet | Found a transporter.
 12243 | Gauntlet | Found a transporter.
 12258 | Gauntlet | Found a transporter.
 12266 | Gauntlet | Found a transporter.
 12268 | Gauntlet | Found a large runed translucent door.
 12270 | Gauntlet | Found a large runed translucent door.
 12274 | Gauntlet | Found a large runed translucent door.
 12274 | Gauntlet | Found a large runed translucent door.
 12275 | Gauntlet | Found a large runed translucent door.
 12275 | Gauntlet | Found a large runed translucent door.
 12275 | Gauntlet | Found a runed translucent door.
 12275 | Gauntlet | Found a runed translucent door.
 12278 | Gauntlet | Found a large runed translucent door.
 12279 | Gauntlet | Found a large runed translucent door.
 12280 | Gauntlet | Found a large runed translucent door.
 12280 | Gauntlet | Found a large runed translucent door.
 12289 | Gauntlet | Found a runed translucent gate.
 12290 | Gauntlet | Found a transporter.
 12290 | Gauntlet | Found a runed translucent gate.
 12291 | Gauntlet | Found a runed translucent gate.
 12301 | Gauntlet | Found a transporter.
 12394 | Gauntlet | Found a transporter.
 12416 | Gauntlet | Found a transporter.
 12435 | Gauntlet | Found a transporter.
 12436 | Gauntlet | Found a transporter.
 12465 | Gauntlet | Found a transporter.
 12496 | Gauntlet | Found a transporter.
 12538 | Gauntlet | Found a transporter.
 12547 | Gauntlet | Found a transporter.
 12572 | Gauntlet | Found a transporter.
 12583 | Gauntlet | Found a transporter.
 12853 | Gauntlet | Received a gift from Trog
 12881 | Gauntlet | Found a large runed translucent door.
 12881 | Gauntlet | Found a large runed translucent door.
 12887 | Gauntlet | Found a large runed translucent door.
 12887 | Gauntlet | Found a large runed translucent door.
 12888 | Gauntlet | Found a large runed translucent door.
 12888 | Gauntlet | Found a large runed translucent door.
 12918 | Gauntlet | Identified the ring of the Morning {rN+ Will+ Slay+6
                  | Stlth+}
 13037 | Gauntlet | Identified the ring of Suspected Treachery {rPois Will+
                  | EV+5 Str-4 Slay+2}
 13037 | Gauntlet | Noticed a minotaur
 13042 | Gauntlet | Killed a minotaur
 13050 | Gauntlet | Identified the ring "Lyach" {Fly Will+++ AC+4 Str-4 Int-4}
 13050 | Gauntlet | Identified the amulet of Hahexot {Acrobat rCorr Int-4 Dex+4
                  | Stlth+}
 13386 | Lair:4   | Reached skill level 13 in Unarmed Combat
 13572 | Lair:5   | Entered Level 5 of the Lair of Beasts
 13880 | Lair:5   | Reached skill level 14 in Unarmed Combat
 14014 | Lair:5   | Reached XP level 15. HP: 92/92 MP: 15/15
 14031 | Lair:5   | Reached skill level 15 in Unarmed Combat
 14049 | Lair:5   | Identified the +1 pair of boots of Stoicism {rF+ SInv}
 14426 | Lair:5   | Found a staircase to the Slime Pits.
 14474 | Lair:5   | Reached skill level 16 in Unarmed Combat
 14677 | D:10     | Identified the +5 quick blade of a bazaar {heavy, Stlth+}
                  | (Trog gifted it to you on level 10 of the Dungeon)
 14677 | D:10     | Received a gift from Trog
 14682 | D:10     | Noticed Snorg
 14687 | D:10     | Killed Snorg
 14688 | D:10     | Reached skill level 1 in Stealth
 14744 | D:10     | Reached skill level 1 in Evocations
 15130 | D:10     | Noticed Urug
 15135 | D:10     | Killed Urug
 15267 | D:10     | Found a snail-covered altar of Cheibriados.
 15401 | D:11     | Found Oseyfuepn's Book Shop.
 15632 | D:11     | Found a staircase to the Orcish Mines.
 15937 | D:12     | Reached skill level 5 in Stealth
 16041 | D:12     | Reached skill level 5 in Evocations
 16070 | D:12     | Received a gift from Trog
 16087 | D:12     | Found a shimmering blue altar of Sif Muna.
 16192 | D:12     | Identified the +1 scale mail of Gotirung {*Slow Str+4}
 16439 | D:12     | Reached XP level 16. HP: 98/98 MP: 16/16
 16936 | Orc:1    | Entered Level 1 of the Orcish Mines
 17169 | Orc:2    | Entered Level 2 of the Orcish Mines
 17191 | Orc:2    | Found Oraolieh's Book Shop.
 17457 | Orc:2    | Reached skill level 17 in Unarmed Combat
 17557 | Orc:2    | Reached skill level 10 in Dodging
 17651 | Orc:2    | Received a gift from Trog
 17658 | Orc:2    | Found Zifit's Antique Armour Emporium.
 17658 | Orc:2    | Found Watomer's Armour Boutique.
 17660 | Orc:2    | Found Ollyge's Assorted Antiques.
 17660 | Orc:2    | Found Huohif's Book Boutique.
 17816 | Orc:2    | Found a staircase to the Elven Halls.
 18271 | Orc:1    | Found Buzy's Magic Scroll Boutique.
 18274 | Orc:1    | Bought a scroll of teleportation for 39 gold pieces
 18274 | Orc:1    | Bought a scroll of teleportation for 39 gold pieces
 18356 | Orc:2    | Bought a manual of Dodging for 1440 gold pieces
 18674 | D:13     | Found a portal to a secret trove of treasure.
 18827 | D:13     | Found a gate to the Vaults.
 19225 | D:13     | Found a runed translucent gate.
 19225 | D:13     | Found a runed translucent gate.
 19225 | D:13     | Found a runed translucent gate.
 19228 | D:13     | Noticed Fiwishre's ghost (journeyman DjFE)
 19250 | D:13     | Killed Fiwishre's ghost
 19395 | D:14     | Reached ****** piety under Trog
 19980 | Swamp:1  | Entered Level 1 of the Swamp
 20087 | Swamp:1  | Reached XP level 17. HP: 106/106 MP: 17/17
 20309 | Swamp:1  | Found a hazy altar of Hepliaklqana.
 20671 | Swamp:2  | You are sucked into a shaft and drop 1 floor!
 21385 | Swamp:4  | Entered Level 4 of the Swamp
 21393 | Swamp:3  | Paralysed by a hornet for 3 turns
 21523 | Swamp:4  | Received a gift from Trog
 21797 | Swamp:4  | Reached skill level 15 in Dodging
 21820 | Swamp:4  | Reached skill level 18 in Unarmed Combat
 22188 | Swamp:4  | Noticed a thorn hunter
 22194 | Swamp:4  | Killed a thorn hunter
 22245 | Swamp:4  | Got a decaying rune of Zot
 22264 | Swamp:4  | Reached XP level 18. HP: 114/114 MP: 18/18
 22589 | Elf:1    | Entered Level 1 of the Elven Halls
 22675 | Elf:1    | Found Weosuem's Book Emporium.
 22685 | Elf:1    | Reached skill level 10 in Evocations
 22705 | Elf:1    | Received a gift from Trog
 22705 | Elf:1    | Noticed Norris
 22729 | Elf:1    | HP: 4/171 [Norris/+2 heavy great mace (9)]
 22730 | Elf:1    | Killed Norris
 23344 | Elf:1    | You are sucked into a shaft and drop 1 floor!
 23814 | Elf:2    | Found a runed translucent gate.
 23814 | Elf:2    | Found a runed translucent gate.
 23816 | Elf:2    | Found a runed translucent gate.
 23911 | Elf:3    | Entered Level 3 of the Elven Halls
 23915 | Elf:3    | Identified the +1 quick blade of Risk Management {heavy,
                  | Will+} (Trog gifted it to you on level 3 of the Elven
                  | Halls)
 23915 | Elf:3    | Received a gift from Trog
 24358 | Elf:3    | Noticed Nikola
 24753 | Spider:1 | Entered Level 1 of the Spider Nest
 24793 | Lair:2   | Killed Nowup's ghost
 24802 | Lair:2   | Found a viscous altar of Jiyva.
 24892 | Spider:1 | Reached skill level 19 in Unarmed Combat
 25120 | Spider:1 | Noticed Agnes
 25130 | Spider:1 | Killed Agnes
 25407 | Spider:1 | Reached skill level 10 in Stealth
 25407 | Spider:1 | Reached XP level 19. HP: 120/120 MP: 19/19
 26016 | Spider:1 | Noticed Roxanne
 26082 | Spider:1 | Killed Roxanne
 26594 | Spider:1 | Received a gift from Trog
 26646 | Spider:2 | Reached skill level 20 in Unarmed Combat
 26887 | Spider:2 | Identified the +8 crystal plate armour of the Centaur {Harm
                  | rCorr Str+5 Int-5}
 26887 | Spider:2 | You fall into a shaft and drop 1 floor!
 27203 | Spider:3 | Found a runed translucent door.
 27203 | Spider:3 | Noticed Bihodil's ghost (journeyman DgDe)
 27220 | Spider:3 | Killed Bihodil's ghost
 27225 | Spider:3 | Identified the +11 arbalest "Zoffusae" {speed, rN+}
 27261 | Spider:3 | Identified the +8 trident of the Wasp {freeze, *Slow Str+3
                  | Int-4 Dex+6}
 27312 | Spider:3 | Noticed Arachne
 27322 | Spider:3 | Killed Arachne
 27505 | Spider:3 | Noticed Mara
 27786 | Spider:3 | Killed Mara
 27880 | Spider:4 | Entered Level 4 of the Spider Nest
 27880 | Spider:4 | Noticed Asterion
 28062 | Spider:4 | Received a gift from Trog
 28065 | Spider:4 | Noticed Mlioglotl
 28080 | Spider:4 | Killed Mlioglotl
 28081 | Spider:4 | Reached skill level 15 in Fighting
 28626 | Spider:4 | Reached XP level 20. HP: 129/129 MP: 20/20
 28668 | Spider:4 | Noticed Donald
 28677 | Spider:4 | Killed Donald
 28789 | Spider:4 | Reached skill level 21 in Unarmed Combat
 28990 | Spider:4 | Killed Asterion
 29109 | Spider:4 | Received a gift from Trog
 29271 | Spider:4 | Got a gossamer rune of Zot
 29281 | Spider:4 | Identified the +1 hat of Jiapniso {rPois rC- Will+ Dex+5}
 29737 | D:15     | Entered Level 15 of the Dungeon
 29856 | D:15     | Reached skill level 1 in Shields
 29858 | D:15     | Noticed Jorgrun
 29868 | D:15     | Killed Jorgrun
 30020 | D:15     | Identified the +4 chain mail of the Quick God {Int+4 Dex+3}
 30491 | D:15     | Found a staircase to the Depths.
 30532 | Depths:1 | Entered Level 1 of the Depths
 30535 | Depths:1 | Found a gateway to Hell.
 30723 | D:15     | Reached skill level 5 in Shields
 30858 | Depths:1 | Identified the +1 scimitar "Dahufaej" {heavy, +Blink rC+
                  | Dex+2}
 31031 | Depths:1 | Found a huge runed translucent gate.
 31031 | Depths:1 | Found a huge runed translucent gate.
 31031 | Depths:1 | Found a huge runed translucent gate.
 31031 | Depths:1 | Found a huge runed translucent gate.
 31031 | Depths:1 | Found a huge runed translucent gate.
 31031 | Depths:1 | Found a huge runed translucent gate.
 31031 | Depths:1 | Found a huge runed translucent gate.
 31031 | Depths:1 | Found a huge runed translucent gate.
 31031 | Depths:1 | Found a huge runed translucent gate.
 31032 | Depths:1 | Found a huge runed translucent gate.
 31032 | Depths:1 | Found a huge runed translucent gate.
 31033 | Depths:1 | Found a huge runed translucent gate.
 31036 | Depths:1 | Found a huge runed translucent gate.
 31037 | Depths:1 | Found a huge runed translucent gate.
 31038 | Depths:1 | Found a huge runed translucent gate.
 31039 | Depths:1 | Found a huge runed translucent gate.
 31040 | Depths:1 | Found a huge runed translucent gate.
 31041 | Depths:1 | Found a huge runed translucent gate.
 31042 | Depths:1 | Found a huge runed translucent gate.
 31042 | Depths:1 | Found a huge runed translucent gate.
 31044 | Depths:1 | Found a huge runed translucent gate.
 31045 | Depths:1 | Found a huge runed translucent gate.
 31047 | Depths:1 | Found a huge runed translucent gate.
 31048 | Depths:1 | Found a huge runed translucent gate.
 31049 | Depths:1 | Found a huge runed translucent gate.
 31050 | Depths:1 | Found a huge runed translucent gate.
 31051 | Depths:1 | Found a huge runed translucent gate.
 31052 | Depths:1 | Found a huge runed translucent gate.
 31052 | Depths:1 | Found a huge runed translucent gate.
 31053 | Depths:1 | Found a huge runed translucent gate.
 31056 | Depths:1 | Found a huge runed translucent gate.
 31057 | Depths:1 | Found a huge runed translucent gate.
 31065 | Depths:1 | Found a huge runed translucent gate.
 31065 | Depths:1 | Found a huge runed translucent gate.
 31071 | Depths:1 | Found a huge runed translucent gate.
 31071 | Depths:1 | Found a huge runed translucent gate.
 31136 | Depths:1 | Found a bloodstained altar of Trog.
 31143 | Depths:1 | Reached XP level 21. HP: 136/136 MP: 21/21
 31356 | Depths:2 | Identified the amulet "Liviug" {^Drain rElec Regen+ rCorr
                  | Int+3}
 31446 | Depths:2 | Found a one-way gate to the infinite horrors of the Abyss.
 32009 | Depths:2 | Found a one-way gate leading to the halls of Pandemonium.
 32119 | Depths:2 | Found a one-way gateway to a ziggurat.
 32184 | Depths:2 | Found a glowing golden altar of the Shining One.
 32523 | Depths:2 | Noticed a juggernaut
 32529 | Depths:2 | Killed a juggernaut
 33001 | D:13     | You paid a toll of +3 ice dragon scales to enter a treasure
                  | trove
 33002 | Trove    | Entered a treasure trove
 33203 | Depths:3 | Reached skill level 10 in Shields
 33747 | Depths:3 | Noticed the Enchantress
 33777 | Depths:3 | Killed the Enchantress
 34104 | Depths:3 | Received a gift from Trog
 34125 | Depths:3 | Reached XP level 22. HP: 139/142 MP: 22/22
 34266 | Depths:3 | You are sucked into a shaft and drop 1 floor!
 34266 | Depths:4 | Entered Level 4 of the Depths
 34459 | Depths:4 | Noticed Vv
 34691 | Depths:3 | Paralysed by an air elemental for 1 turns
 34915 | Depths:3 | Identified the +9 rapier of Beogh, Hungering {heavy, rElec
                  | Will+ Int+3}
 35088 | Depths:4 | Noticed Parghit
 35102 | Depths:4 | Noticed a juggernaut
 35111 | Depths:4 | Killed from afar by a frost giant

Illustrated notes

Levels and vault maps discovered:
D:1:      dpeg_arrival_round_c, layout_basic
D:2:      layout_basic, shapermc_ecumenical_altar_mp_ritualfount, uniq_robin
D:3:      layout_loops_ring, zin_purify, portal_sewer_entry_e
D:4:      layout_cave_pools, minmay_temple_entry_drinking_statues,
          grunt_ministairs_6, nicolae_letterblocks [nicolae_letter_subblock,
          nicolae_letter_subblock, nicolae_letter_subblock,
          nicolae_letter_subblock, nicolae_letter_subblock,
          nicolae_letter_subblock, nicolae_letter_subblock,
          nicolae_letter_subblock, nicolae_letter_subblock,
          nicolae_letter_subblock, nicolae_letter_subblock,
          nicolae_letter_subblock, nicolae_letter_subblock,
          nicolae_letter_subblock, nicolae_letter_subblock,
          nicolae_letter_subblock, nicolae_letter_subblock,
          nicolae_letter_subblock, nicolae_letter_subblock,
          nicolae_letter_subblock, nicolae_letter_subblock,
          nicolae_letter_subblock, nicolae_letter_subblock,
          nicolae_letter_subblock, nicolae_letter_subblock], uniq_blork_the_orc,
          uniq_crazy_yiuf_cottage
D:5:      layout_basic, nemelex_diamond_rough_becter
D:6:      wander_guarded_unrand_ratskin, layout_rooms,
          kennysheep_okawaru_gauntlet, nicolae_ru_awakened_eye,
          nicolae_custom_books, minmay_chambers_of_fives, uniq_sigmund,
          uniq_grinder
D:7:      layout_basic, nicolae_kikubaaqudgha_miasma_corner,
          nzn_wu_jian_contemplation, uniq_maggie
D:8:      layout_loops_ring, tgw_sif, mainiacjoe_overflow_alcove_2,
          mainiacjoe_overflow_catwalk, lemuel_tele_altar, uniq_erica,
          uniq_amaemon
D:9:      layout_small_grid, nicolae_qazlal_style_of_elements,
          nicolae_hepliaklqana_monster_ancestors, kennysheep_little_box,
          erik_lair_orcish_takeover
D:10:     layout_small_grid, mainiacjoe_overflow_concentric_impassable,
          uniq_urug, uniq_snorg
D:11:     layout_long_grid, orc_0_dummy, serial_shops,
          nicolae_shop_pleasant_corner_grove
D:12:     evilmike_library_of_no_secrets, layout_long_grid
D:13:     layout_loops_ring, skrybe_vaults_entry_preservation,
          biasface_ghost_orc_armoury, nicolae_trove_entry_crossroad
D:14:     layout_roguey
D:15:     grunt_enter_depths_snipers, layout_basic, corexii_leaking_fountain,
          uniq_jorgrun
Temple:   pf_temple_reverse_labyrinth
Lair:1:   layout_cave_pods, minmay_holes, grunt_megastairs_1, uniq_jeremiah,
          uniq_gastronok
Lair:2:   layout_small_grid, hellmonk_spider_entry_life_and_decay,
          gammafunk_ghost_ooze, minivault_11
Lair:3:   layout_chaotic_city, mainiacjoe_swamp_entry_lozenge_pond,
          lemuel_fruit_fields
Lair:4:   layout_gridlike, gauntlet_entry_generic
Lair:5:   grunt_lair_end_beastmaster, layout_loops_ring,
          nicolae_slime_entry_field_trip, eino_small_chamber_without_monster
Swamp:1:  layout_basic_swamp, lemuel_altar_in_water, swamp_pool_1_2
Swamp:2:  layout_basic_swamp, nicolae_swamp_well_well_well
Swamp:3:  layout_falls_marsh, serial_swamp_ruin, evilmike_swamp_ruin_house_5,
          evilmike_swamp_ruin_house_2
Swamp:4:  swamp_basic_johnstein, layout_basic_swamp
Spider:1: nicolae_spider_hilbert_zone_1 [nicolae_spider_hilbert_4_sides_1_open,
          nicolae_spider_hilbert_4_sides_1_open,
          nicolae_spider_hilbert_4_sides_1_open,
          nicolae_spider_hilbert_4_sides_1_open,
          nicolae_spider_hilbert_3_sides_1_open,
          nicolae_spider_hilbert_3_sides_1_open,
          nicolae_spider_hilbert_3_sides_1_open,
          nicolae_spider_hilbert_3_sides_1_open,
          nicolae_spider_hilbert_3_sides_1_open,
          nicolae_spider_hilbert_6_sides_1_open,
          nicolae_spider_hilbert_6_sides_1_open,
          nicolae_spider_hilbert_3_sides_1_open,
          nicolae_spider_hilbert_3_sides_1_open,
          nicolae_spider_hilbert_3_sides_1_open,
          nicolae_spider_hilbert_3_sides_1_open,
          nicolae_spider_hilbert_2_sides_1_open], uniq_agnes, uniq_roxanne
Spider:2: nicolae_spider_mines_1
Spider:3: nicolae_spider_obnoxious_hallway, gammafunk_ghost_grave, uniq_arachne,
          uniq_mara
Spider:4: hellmonk_spider_rune_bug_friends, uniq_asterion, uniq_mlioglotl,
          uniq_donald
Orc:1:    layout_caves, serial_shops, nicolae_shop_rolled_up, basic_altar
Orc:2:    grunt_orc_tribal_feast, layout_caves, serial_shops, shop
Elf:1:    layout_geoelf_grid, serial_shops, shop_statue,
          nicolae_elf_blasts_and_bolts, uniq_norris
Elf:2:    elven_hall_of_blades_hangedman_original
          [nicolae_blade_entry_crossed_weapons], layout_gridlike,
          serial_sigils_hangedman_snap
Elf:3:    minmay_elf_hall_furrowed, layout_geoelf_octagon, grunt_megastairs_5,
          uniq_nikola
Depths:1: layout_cross, trog_three_pillars_becter, hell_entry,
          serial_column_ruins, column_ruins_hut, column_ruins_hut,
          column_ruins_grid_2, column_ruins_corridor_water,
          column_ruins_columns_straight, column_ruins_columns_straight,
          column_ruins_open_large, column_ruins_columns_straight, door_vault
Depths:2: minmay_isolated_rectangles_in_corner, layout_small_grid,
          enter_ziggurat_b, grunt_pan_entry_zigzag,
          nicolae_abyss_entry_one_way_or_another, grunt_hell_entry_dis_old,
          tso_metal_star, grunt_ministairs_3, hangedman_decor_diamond_cutter,
          serial_bayou_shore_b, infiniplex_staircase_pool_1
Depths:3: constructs_gauntlet_mu_hangedman, layout_gridlike, hell_entry,
          abyss_entry_small_statue_room, minmay_misc_feat_chi,
          rand_demon_pan_entry_3, uniq_josephina, uniq_enchantress
Depths:4: grunt_bruiser_brothers, layout_cave_pools, rand_demon_pan_entry_5,
          hell_entry, abyss_entry, abandoned_shop, uniq_jory, uniq_parghit,
          uniq_vv

Skill      XL: |  1  2  3  4  5  6  7  8  9 10 11 12 13 14 15 16 17 18 19 20 21 |
---------------+----------------------------------------------------------------+-----
Unarmed Combat | 4 5 6 8 9 11 12 14 16 17 18 19 20 21 | 21.4
Fighting       | 4 6 8 9 10 12 13 15 16 | 16.3
Shapeshifting  | 7 10 12 15 16 | 16.0
Dodging        | 5 8 9 12 16 18 | 18.9
Stealth        | 5 8 10 12 | 12.0
Evocations     | 5 9 10 | 10.0
Shields        | 6 12 | 12.9
Armour         | |  1.5

Action                     |  1- 3 |  4- 6 |  7- 9 | 10-12 | 13-15 | 16-18 | 19-21 | 22-24 || total
---------------------------+-------+-------+-------+-------+-------+-------+-------+-------++-------
  Melee: Unarmed           |    95 |   174 |   352 |   428 |   588 |   748 |   887 |    80 ||  3352
         Punch             |     2 |     5 |    22 |    28 |    51 |    67 |    67 |       ||   242
         Tailslap          |       |       |       |       |    70 |   109 |    16 |       ||   195
         Bite              |       |       |       |       |    46 |    81 |    14 |       ||   141
  Throw: Dart              |       |       |     4 |       |       |       |       |       ||     4
 Invoke: Berserk           |       |     5 |     9 |    17 |    11 |    16 |    15 |     2 ||    75
         Trog's Hand       |       |       |     1 |     1 |     2 |     7 |     2 |     1 ||    14
         Brothers in Arms  |       |       |       |       |     1 |     2 |     9 |     1 ||    13
Ability: Breathe Fire      |       |       |       |       |    28 |    30 |       |       ||    58
         Begin Untransform |       |       |       |       |     1 |       |       |       ||     1
  Evoke: Wand              |       |       |       |     2 |     2 |     1 |     3 |       ||     8
         Phantom mirror    |       |       |       |       |       |     1 |       |       ||     1
    Use: Potion            |       |       |       |     1 |       |     4 |     1 |       ||     6
         Scroll            |       |       |       |     7 |    10 |     8 |     8 |     3 ||    36
   Stab: Sleeping          |     2 |     5 |     3 |     7 |    11 |    50 |    40 |     7 ||   125
         Distracted        |       |       |       |     1 |     1 |     4 |    13 |       ||    19
 Armour: Animal skin       |     1 |       |       |       |       |       |       |       ||     1
         Chain mail        |    36 |       |       |       |       |       |       |       ||    36
         Ring mail         |     5 |    90 |   131 |    71 |       |       |       |       ||   297
         Steam dragon scal |       |       |       |    91 |    62 |       |       |       ||   153
         Skin              |       |       |       |       |   182 |   458 |   499 |    39 ||  1178
  Dodge: Dodged            |    41 |    99 |   174 |   284 |   339 |   476 |  1518 |    82 ||  3013
  Block: Kite shield       |       |     3 |     1 |       |       |       |   202 |    58 ||   264
         Reflection        |       |       |       |       |       |       |     2 |       ||     2
   Form: Blade             |       |       |       |     1 |     1 |       |       |       ||     2
         Dragon            |       |       |       |       |     4 |       |     1 |       ||     5
                           |       |       |       |       |     1 |       |     2 |       ||     3
         Statue            |       |       |       |       |       |       |     4 |       ||     4

Table legend: (Time is in decaauts)
 A = Elapsed time spent in this place.
 B = Non-inter-level travel time spent in this place.
 C = Inter-level travel time spent in this place.
 D = Time resting spent in this place.
 E = Time spent auto-exploring this place.
 F = Levels seen in this place.
 G = Mean time per level.
                   A        B        C        D        E       F      G
               +--------+--------+--------+--------+--------+-----+--------+
         Total |  39027 |  36813 |   2214 |   5802 |    435 |  41 |  951.9 |
       Dungeon |  15248 |  14019 |   1229 |   1893 |    399 |  15 | 1016.5 |
        Temple |      1 |      1 |      0 |      0 |      0 |   1 |    1.0 |
          Lair |   5132 |   4753 |    379 |    638 |      0 |   5 | 1026.4 |
         Swamp |   2290 |   2232 |     58 |    261 |      0 |   4 |  572.5 |
   Spider Nest |   5899 |   5674 |    225 |   1549 |      0 |   4 | 1474.8 |
  Orcish Mines |   1602 |   1461 |    141 |     75 |      0 |   2 |  801.0 |
   Elven Halls |   1949 |   1874 |     75 |    284 |      0 |   3 |  649.7 |
        Depths |   5694 |   5589 |    105 |    855 |     36 |   4 | 1423.5 |
         Trove |     65 |     65 |      0 |      0 |      0 |   1 |   65.0 |
         Sewer |    286 |    286 |      0 |     27 |      0 |   1 |  286.0 |
      Gauntlet |    855 |    855 |      0 |    217 |      0 |   1 |  855.0 |
               +--------+--------+--------+--------+--------+-----+--------+

Top non-repeatable levels by time:
Depths:3: 2198 daAuts
Depths:2: 1862 daAuts
Spider:3: 1755 daAuts
Spider:1: 1750 daAuts
    D:15: 1612 daAuts
Spider:4: 1592 daAuts
     D:9: 1274 daAuts
  Lair:1: 1248 daAuts
  Lair:2: 1212 daAuts
     D:6: 1183 daAuts
     D:8: 1172 daAuts
     D:5: 1159 daAuts
    D:12: 1128 daAuts
     D:1: 1095 daAuts
   Orc:2: 1066 daAuts
